 Dungeon Crawl Stone Soup version 0.28.0-53-g5a82cb258f (webtiles) character file.

Game seed: 2901942363862013695

29362 protoss039 the Fighter (level 13, -8/109 HPs)
             Began as a Demonspawn Earth Elementalist on June 1, 2022.
             Was a High Priest of Vehumet.
             Shot with an arrow by a centaur warrior (18 damage)
             ... on level 13 of the Dungeon.
             The game lasted 00:42:40 (15663 turns).

protoss039 the Fighter (DsEE)                      Turns: 15663, Time: 00:42:40

Health: -8/109     AC: 15    Str:  9    XL:     13   Next: 14%
Magic:  34/36      EV: 11    Int: 24    God:    Vehumet [*****.]
Gold:   908        SH:  4    Dex: 14    Spells: 13/32 levels left

rFire   . . .      SeeInvis .   w - +2 hand axe (flame)
rCold   . . .      Faith    .   (no shield)
rNeg    . . .      Spirit   .   Q - +0 acid dragon scales
rPois   .          Reflect  .   e - +0 helmet {Int+3}
rElec   .          Harm     .   A - +0 cloak
rCorr   +          Rampage  .   (no gloves)
Will    .....                   b - +0 pair of boots
Stlth   ++........              L - amulet of magic regeneration
HPRegen 1.28/turn               S - ring of magical power
MPRegen 0.90/turn               h - +4 ring of protection

@: slowed, very slow
A: large bone plates 1, powered by death 2, magic regeneration, demonic touch 2
a: Renounce Religion


You were on level 13 of the Dungeon.
You worshipped Vehumet.
Vehumet was extremely pleased with you.
You visited 2 branches of the dungeon, and saw 14 of its levels.
You also visited: Ossuary.

You collected 1073 gold pieces.
You spent 165 gold pieces at shops.

Inventory:

Hand Weapons
 a - a +0 mace of venom
 w - a +2 hand axe of flaming (weapon)
Missiles
 c - 164 stones
 u - a throwing net
Armour
 b - a +0 pair of boots (worn)
 e - a +0 helmet of intelligence (worn)
 q - a +1 ring mail of cold resistance
 A - a +0 cloak (worn)
 Q - +0 acid dragon scales (worn)
Magical Staves
 i - a staff of cold
Jewellery
 h - a +4 ring of protection (right hand)
 o - a ring of resist corrosion
 C - a ring of wizardry
 L - an amulet of magic regeneration (around neck)
 P - a ring of fire
 S - a ring of magical power (left hand)
Wands
 d - a wand of polymorph (14)
 l - a wand of acid (13)
 n - a wand of paralysis (3)
 K - a wand of iceblast (11)
 N - a wand of flame (18)
Scrolls
 f - 4 scrolls of immolation
 m - 6 scrolls of teleportation
 r - a scroll of identify
 s - 4 scrolls of enchant armour
 y - 4 scrolls of enchant weapon
 B - 3 scrolls of blinking
 E - 2 scrolls of fear {unknown}
 F - 3 scrolls of fog
 H - 3 scrolls of amnesia
 M - a scroll of brand weapon
Potions
 g - 5 potions of ambrosia
 j - 2 potions of flight {unknown}
 k - 3 potions of might
 p - a potion of berserk rage {unknown}
 t - 2 potions of lignification {unknown}
 v - 4 potions of haste
 x - 6 potions of heal wounds
 z - 10 potions of curing
 D - a potion of brilliance {unknown}
 G - 2 potions of degeneration {unknown}
 I - 2 potions of magic {unknown}
 J - 2 potions of mutation {unknown}
 O - 2 potions of cancellation {unknown}
 R - a potion of attraction {unknown}


   Skills:
 * Level 12.8 Fighting
 - Level 6.0 Armour
 - Level 1.7 Dodging
 - Level 1.7 Stealth
 * Level 10.1 Spellcasting
 + Level 8.9 Conjurations
 - Level 6.0 Necromancy
 - Level 1.0 Transmutations
 + Level 8.9 Earth Magic


You had 13 spell levels left.
You knew the following spells:

 Your Spells              Type           Power      Damage    Failure   Level
a - Sandblast             Erth           100%       2d20      1%          1
b - Passwall              Tmut/Erth      30%        N/A       1%          2
c - Stone Arrow           Conj/Erth      100%       3d13      1%          3
d - Lee's Rapid Deconstr  Erth           26%        3d15*     1%          5
g - Mephitic Cloud        Conj/Pois/Air  26%        N/A       1%          3
i - Borgnjor's Vile Clut  Necr/Erth      24%        N/A       11%         5

Your spell library contained the following spells:

 Spells                   Type           Power      Damage    Failure   Level
 Frozen Ramparts          Ice            24%        1d4       7%          3
 Animate Dead             Necr           20%        N/A       7%          4
 Apportation              Tloc           24%        N/A       9%          1
 Lightning Bolt           Conj/Air       16%        1d30      10%         5
 Petrify                  Tmut/Erth      36%        N/A       11%         4
 Airstrike                Air            6%         N/A       21%         4
 Ice Form                 Ice/Tmut       14%        N/A       54%         4
 Summon Ice Beast         Ice/Summ       12%        N/A       63%         4
 Summon Lightning Spire   Summ/Air       12%        N/A       63%         4
 Death Channel            Necr           20%        N/A       71%         6
 Alistair's Intoxication  Tmut/Pois      9%         N/A       88%         5


Dungeon Overview and Level Annotations

Branches:
Dungeon (13/15)            Temple (1/1) D:5            Lair (0/6) D:9
    Orc (0/2) D:10        Ossuary (visited)
 Vaults: D:13-14

Altars:
Ashenzari
Cheibriados
Dithmenos
Elyvilon
Fedhas
Gozag
Hepliaklqana
Kikubaaqudgha
Makhleb
Nemelex Xobeh
Okawaru
Qazlal
Ru
Sif Muna
Trog
Uskayaw
Vehumet
Wu Jian
Xom
Yredelemnul
Zin
The Shining One

Shops:
D:5 !   D:9 *   D:10 [

Portals:
Trove: D:10 (give 7 scrolls of fear)

Annotations:
D:3 Sigmund
D:7 2 transporters, Discosetron's ghost, novice DjAE


Innate Abilities, Weirdness & Mutations

You are partially covered in large bone plates. (SH +4)
You regenerate health from kills.
You regenerate magic rapidly.
Your touch may inflict irresistible damage on your foes.


Message History

The wraith hits you!
Unknown command.
Unknown command.
Casting: Lee's Rapid Deconstruction (dangerous; 1% risk of failure)
Confirm with . or Enter, or press ? or * to list all spells.
Aiming: Lee's Rapid Deconstruction (dangerous; 1% risk of failure)
Press: ? - help, Dir - move target A rock wall.
The wall shatters!
The blast of rock fragments hits the wraith!
The wraith is almost destroyed.
The blast of rock fragments hits the wraith!
You destroy the wraith!
Vehumet accepts your kill.
You feel your power returning.
You hear a shout! x2
The wraith hits you!
* * * LOW HITPOINT WARNING * * *
Unknown command.
Unknown command.
The centaur warrior wields a +0 shortbow.
The centaur warrior shoots an arrow.
The arrow barely misses you. The wraith misses you.
The centaur warrior shoots an arrow.
The arrow hits you.
* * * LOW HITPOINT WARNING * * *
The wraith hits you.
* * * LOW HITPOINT WARNING * * *
Unknown command.
Unknown command.
Unknown command.
Casting: Lee's Rapid Deconstruction (dangerous; 1% risk of failure)
Confirm with . or Enter, or press ? or * to list all spells.
Aiming: Stone Arrow (safe; 1% risk of failure)
Press: ? - help, Shift-Dir - straight line, f - wraith
Aim: a wraith (almost destroyed, 78% to hit)
The stone arrow hits the wraith.
The wraith is almost destroyed.
The centaur warrior shoots an arrow.
The arrow hits you!
* * * LOW HITPOINT WARNING * * *
The centaur warrior shoots an arrow.
The arrow hits you!!
You die...

≈≈≈#...##...........##.........K.
P≈P#.<.........#............####4
≈≈♣........#.####...........# ..
≈♣..............#...##......# ..5
≈♣#.###..#.≈...........c....#....
≈≈#.# #..#≈≈♣.........##....#....
≈≈≈.# #≈≈≈≈≈≈♣.)......#.#...#?...
PP♣≈.# ♣≈≈≈≈≈≈♣#W.....#.. #####
≈≈♣♣≈♣ ♣≈≈≈P≈≈≈.@........
≈≈♣♣♣♣♣♣≈≈≈≈≈≈♣##........
≈P≈♣♣♣≈≈≈≈≈≈≈≈♣ .........
≈PP≈≈≈≈≈≈≈≈≈≈≈≈..........
≈≈P≈≈≈P≈≈≈≈≈≈♣...........
................#........
≈≈≈≈≈≈≈≈P≈≈S≈S..#.#......
≈≈≈≈≈≈≈P≈≈≈P≈♣.#.###.....
≈≈≈≈≈≈≈≈P≈≈≈♣ .#..


You could see a centaur warrior and a wraith.

Vanquished Creatures
  A hydra (D:11)
  A vault guard (D:10)
  Erolcha (D:12)
  3 centaur warriors
  5 two-headed ogres
  5 skeletal warriors
  A salamander (shapeshifter) (D:13)
  2 manticores (D:13)
  3 cyclopes
  A cane toad (shapeshifter) (D:8)
  A gargoyle (D:13)
  2 kobold demonologists (D:13)
  3 meliai (D:13)
  4 trolls
  8 slime creatures
  3 hornets
  A centaur simulacrum (D:13)
  A vampire (D:9)
  4 wraiths
  3 wyverns
  A spriggan (D:12)
  Grum (D:8)
  2 steam dragons
  24 yaks
  10 vampire mosquitoes
  3 acid dragons
  6 water moccasins
  7 orc warriors
  2 sky beasts
  3 black bears
  2 necrophages
  3 ogres
  2 wolves (D:8)
  11 centaurs
  2 kobold brigands
  2 bullfrogs (D:9)
  11 scorpions
  A wyvern zombie (D:8)
  A water moccasin zombie (D:5)
  2 jellies
  5 wights
  2 electric eels (D:13)
  8 howler monkeys
  2 bullfrog zombies
  2 centaur zombies
  3 human zombies (Ossuary)
  A wyvern simulacrum (D:8)
  4 hounds
  An orc priest (D:11)
  A gnoll shaman (D:9)
  7 iguanas
  Ijyb (D:5)
  Terence (D:3)
  8 scorpion zombies (Ossuary)
  10 orc wizards
  Natasha (thrice) (D:2)
  4 mummies
  A hound skeleton (D:5)
  9 gnolls
  8 adders
  4 shadow imps
  2 white imps
  3 ufetubi
  An adder skeleton (D:3)
  2 worms (D:2)
  A dart slug (D:1)
  31 orcs
  8 bats
  7 endoplasms
  2 giant cockroaches
  5 gnoll zombies (Ossuary)
  8 goblins
  5 hobgoblins
  3 jackals (D:4)
  3 ball pythons
  A frilled lizard (D:1)
  3 goblin zombies (Ossuary)
  3 hobgoblin zombies
  22 kobolds
  3 kobold zombies
  2 orc zombies (Ossuary)
  7 rats
356 creatures vanquished.

Vanquished Creatures (others)
  32 fungi (D:9)
  79 plants
111 creatures vanquished.

Grand Total: 467 creatures vanquished

Notes
Turn   | Place    | Note
-------+----------+-------------------------------------------
     0 | D:1      | protoss039 the Demonspawn Earth Elementalist began the
                  | quest for the Orb.
     0 | D:1      | Reached XP level 1. HP: 13/13 MP: 3/3
   237 | D:1      | Reached skill level 1 in Transmutations
   287 | D:1      | Reached skill level 1 in Fighting
   287 | D:1      | Gained mutation: You regenerate a little health from kills.
                  | [demonic ancestry]
   287 | D:1      | Reached XP level 2. HP: 4/21 MP: 0/5
   800 | D:1      | You fall into a shaft and drop 1 floor!
   812 | D:2      | Found a faded altar of an unknown god.
   921 | D:2      | Gained mutation: Your touch may inflict minor irresistible
                  | damage on your foes. [demonic ancestry]
   921 | D:2      | Reached XP level 3. HP: 14/26 MP: 3/6
  1430 | D:1      | Reached skill level 1 in Armour
  1625 | D:1      | Learned a level 2 spell: Passwall
  1629 | D:1      | Learned a level 3 spell: Stone Arrow
  2017 | D:2      | Noticed Terence
  2098 | D:2      | Noticed Natasha
  2106 | D:2      | Killed Natasha
  2107 | D:2      | Reached skill level 2 in Fighting
  2107 | D:2      | Gained mutation: You regenerate magic rapidly. [demonic
                  | ancestry]
  2107 | D:2      | Reached XP level 4. HP: 25/33 MP: 4/7
  2130 | D:2      | Noticed Natasha
  2135 | D:2      | Killed Natasha
  2135 | D:2      | Noticed Natasha
  2136 | D:2      | Reached skill level 1 in Conjurations
  2146 | D:2      | Killed Natasha
  2543 | D:3      | Reached XP level 5. HP: 39/39 MP: 6/8
  2644 | D:3      | Noticed a water moccasin
  2651 | D:3      | Killed a water moccasin
  2652 | D:3      | Reached skill level 3 in Fighting
  2656 | D:3      | Reached XP level 6. HP: 37/47 MP: 1/10
  2724 | D:3      | Noticed Sigmund
  3011 | D:3      | Killed Terence
  3141 | D:4      | Found a hide-covered altar of Uskayaw.
  3473 | D:4      | Reached skill level 4 in Fighting
  3473 | D:4      | Reached XP level 7. HP: 33/54 MP: 1/11
  4498 | D:5      | Entered Level 5 of the Dungeon
  4498 | D:5      | Found Ommerub's Distillery.
  4502 | D:5      | Bought a potion of heal wounds for 75 gold pieces
  4502 | D:5      | Bought 2 potions of curing for 90 gold pieces
  4692 | D:5      | Found a staircase to the Ecumenical Temple.
  4701 | Temple   | Entered the Ecumenical Temple
  4906 | Temple   | Became a worshipper of Vehumet
  4990 | D:5      | Reached skill level 5 in Fighting
  5132 | D:5      | Noticed Ijyb
  5139 | D:5      | Killed Ijyb
  5140 | D:5      | Reached XP level 8. HP: 59/62 MP: 3/13
  5510 | D:6      | Reached skill level 6 in Fighting
  5530 | D:6      | Reached skill level 5 in Earth Magic
  5591 | D:6      | Reached * piety under Vehumet
  5591 | D:6      | Offered knowledge of Shock by Vehumet.
  5707 | D:6      | Found a sand-covered staircase.
  5715 | Ossuary  | Entered an ossuary
  5938 | Ossuary  | Reached skill level 7 in Fighting
  5991 | Ossuary  | Reached XP level 9. HP: 72/72 MP: 7/16
  6037 | Ossuary  | Reached skill level 5 in Spellcasting
  6202 | Ossuary  | Reached ** piety under Vehumet
  6294 | Ossuary  | Offered knowledge of Poisonous Vapours by Vehumet.
  6295 | Ossuary  | Reached skill level 5 in Conjurations
  6743 | D:6      | Learned a level 5 spell: Borgnjor's Vile Clutch
  6891 | D:6      | Reached skill level 1 in Necromancy
  7504 | D:7      | Reached skill level 8 in Fighting
  7594 | D:7      | Found a transporter.
  7600 | D:7      | Found a transporter.
  7831 | D:7      | Found a burning altar of Makhleb.
  7916 | D:7      | Noticed Discosetron's ghost (novice DjAE)
  8646 | D:8      | Offered knowledge of Conjure Flame by Vehumet.
  8705 | D:8      | Noticed a two-headed ogre
  8716 | D:8      | Reached XP level 10. HP: 79/82 MP: 5/18
  8949 | D:8      | Found a hazy altar of Hepliaklqana.
  9046 | D:8      | Killed a two-headed ogre
  9223 | D:8      | Reached skill level 9 in Fighting
  9240 | D:8      | Noticed Grum
  9243 | D:8      | Reached *** piety under Vehumet
  9246 | D:8      | Killed Grum
  9616 | D:9      | Found an opulent altar of Gozag.
  9616 | D:9      | Found Gozag's Platinum Reserve.
  9962 | D:9      | Found a staircase to the Lair.
 10044 | D:9      | Offered knowledge of Mephitic Cloud by Vehumet.
 10050 | D:9      | Learned a level 3 spell: Mephitic Cloud
 10266 | D:9      | Noticed a two-headed ogre
 10270 | D:9      | Killed a two-headed ogre
 10271 | D:9      | Reached skill level 5 in Necromancy
 10396 | D:9      | Reached skill level 10 in Fighting
 10739 | D:8      | Noticed a two-headed ogre
 10749 | D:8      | Killed a two-headed ogre
 10750 | D:8      | Gained mutation: Your touch may inflict irresistible damage
                  | on your foes. [demonic ancestry]
 10750 | D:8      | Reached XP level 11. HP: 54/90 MP: 2/21
 10898 | D:8      | Reached **** piety under Vehumet
 10963 | D:8      | Offered knowledge of Sticky Flame by Vehumet.
 11142 | D:10     | Entered Level 10 of the Dungeon
 11213 | D:10     | Found a snail-covered altar of Cheibriados.
 11213 | D:10     | Found Cheibriados's Comfort Zone.
 11240 | D:10     | Found a staircase to the Orcish Mines.
 12021 | D:10     | Noticed a vault guard
 12026 | D:10     | Killed a vault guard
 12049 | D:10     | Found a portal to a secret trove of treasure.
 12741 | D:11     | Noticed a five-headed hydra
 12745 | D:11     | Killed a five-headed hydra
 12746 | D:11     | Reached skill level 11 in Fighting
 12806 | D:11     | Found a hide-covered altar of Uskayaw.
 12806 | D:11     | Noticed a +0 short sword
 12806 | D:11     | Noticed a +0 dagger
 12807 | D:11     | Noticed a +0 spear
 12809 | D:11     | Noticed a +0 short sword
 12809 | D:11     | Noticed a +0 dagger
 12810 | D:11     | Noticed a +0 falchion
 12812 | D:11     | Noticed a +0 spear
 12812 | D:11     | Noticed a +0 falchion
 13457 | D:12     | Reached ***** piety under Vehumet
 13480 | D:12     | Offered knowledge of Lee's Rapid Deconstruction by Vehumet.
 13481 | D:12     | Gained mutation: You are partially covered in large bone
                  | plates. (SH +4) [demonic ancestry]
 13481 | D:12     | Reached XP level 12. HP: 100/100 MP: 18/24
 13512 | D:12     | Noticed Erolcha
 13573 | D:12     | Killed Erolcha
 13576 | D:12     | Reached skill level 5 in Armour
 14004 | D:11     | Learned a level 5 spell: Lee's Rapid Deconstruction
 14013 | D:12     | Reached skill level 12 in Fighting
 14153 | D:12     | Noticed a two-headed ogre
 14157 | D:12     | Killed a two-headed ogre
 14885 | D:13     | Noticed a centaur warrior
 14895 | D:12     | Killed a centaur warrior
 15124 | D:13     | Noticed a two-headed ogre
 15130 | D:13     | Killed a two-headed ogre
 15255 | D:13     | Noticed a centaur warrior
 15263 | D:13     | Killed a centaur warrior
 15264 | D:13     | Gained mutation: You regenerate health from kills. [demonic
                  | ancestry]
 15264 | D:13     | Reached XP level 13. HP: 58/109 MP: 24/26
 15282 | D:13     | Reached skill level 10 in Spellcasting
 15473 | D:13     | Paralysed by an ogre mage for 6 turns
 15663 | D:13     | Shot with an arrow by a centaur warrior

Illustrated notes

Levels and vault maps discovered:
D:1:      eino_arrival_water_star, layout_loops_ring,
          chequers_serial_rivers_micro_d
D:2:      layout_basic, hellmonk_ecumenical_altar_crossroads, minmay_tripent,
          uniq_natasha, uniq_terence
D:3:      layout_rooms, minmay_liquid_box, uniq_sigmund
D:4:      layout_gridville, lemuel_crystal_altar, kennysheep_diamond,
          minmay_mini_ossuary
D:5:      nicolae_cairo_tiling_large_dashed, layout_rooms, temple_hall,
          serial_shops, nicolae_shop_hallway_stairs, minmay_misc_feat_enclosed,
          minmay_checkerbox, uniq_ijyb
D:6:      layout_layer_cave, lightli_ossuary_entry_decrepit_ruins,
          minmay_fractal_squares_gapless_5
D:7:      layout_basic, lightli_temple_of_fire, gammafunk_ghost_stat_death
D:8:      minmay_klotski, layout_rooms, nzn_hepliaklqana_mist_gate, uniq_grum
D:9:      layout_basic, nicolae_gozag_zags_fifth_avenue,
          due_lair_maze_entry_diamond, grunt_decor_resistance, minivault_23
D:10:     layout_stronghold, orc_david_3, enter_trove_5, minmay_shop_chei
D:11:     layout_cave_pods, nicolae_uskayaw_en_pointe
D:12:     layout_rooms, the_hattery, uniq_erolcha
D:13:     layout_cave_pools, skrybe_vaults_entry_preservation, serial_bayou,
          serial_bayou_shore_b, serial_bayou_pond_a, serial_bayou_lagoon_b,
          serial_bayou_shore_b, gammafunk_ghost_nasty_kobolds
Temple:   hc_temple_tempest_star

Skill      XL: |  1  2  3  4  5  6  7  8  9 10 11 12 13 |
---------------+----------------------------------------+-----
Transmutations | 1 |  1.0
Fighting       | 1 2 3 4 5 7 8 10 11 12 | 12.8
Earth Magic    | 3 4 5 6 7 8 |  8.9
Armour         | 1 2 3 4 5 6 |  6.0
Conjurations   | 1 2 3 4 5 6 7 8 |  8.9
Spellcasting   | 3 4 5 6 8 9 10 | 10.1
Necromancy     | 3 5 6 |  6.0
Dodging        | |  1.7
Stealth        | |  1.7

Action                   |  1- 3 |  4- 6 |  7- 9 | 10-12 | 13-15 || total
-------------------------+-------+-------+-------+-------+-------++-------
Melee: Whip              |    71 |       |       |       |       ||    71
       Punch             |     1 |       |     1 |     2 |       ||     4
       Staff             |    13 |     6 |       |       |       ||    19
       Touch             |    10 |     4 |    18 |    22 |       ||    54
       Hand axe          |       |    36 |    85 |    45 |       ||   166
       Unarmed           |       |     5 |       |       |       ||     5
       Mace              |       |       |       |    28 |       ||    28
 Cast: Sandblast         |    25 |    20 |    67 |    33 |     5 ||   150
       Stone Arrow       |     1 |    13 |   148 |   188 |    14 ||   364
       Passwall          |       |       |     1 |       |       ||     1
       Borgnjor's Vile C |       |       |       |    65 |     4 ||    69
       Mephitic Cloud    |       |       |       |    19 |     2 ||    21
       Lee's Rapid Decon |       |       |       |     4 |     2 ||     6
  Use: Potion            |       |     1 |       |       |     1 ||     2
       Scroll            |       |     2 |     6 |     3 |     1 ||    12
 Stab: Sleeping          |     2 |     2 |       |       |       ||     4
Armor: Robe              |    31 |     2 |       |       |       ||    33
       Leather armour    |       |    19 |    66 |    26 |       ||   111
       Skin              |       |     3 |       |       |       ||     3
       Steam dragon scal |       |       |       |    39 |       ||    39
       Acid dragon scale |       |       |       |    20 |    17 ||    37
Dodge: Dodged            |    63 |    35 |    97 |   115 |    21 ||   331
Block: Other             |       |       |       |    12 |     4 ||    16
